Map: Terraform LE (Void)

Players

WantedAbyss

  • Race: Zerg Zerg
  • League: Silver

GriM - Winner!

  • Race: Protoss Protoss
  • League: Silver

VOD

https://youtu.be/56iNfiA8W3o

Description

PvZ, Zerg failed all-in, protoss counter pushed for win

Time

  • Played on: Sept. 24, 2015, 10:57 p.m.
  • Length: 8:06
Show
View Real Time Build Order
Export as new Build Order

WantedAbyss Zerg 

Build Orders: Hatch First, Ravager All-In 

Get SALT Encoding   

  12  0:01  Drone  
  13  0:13  Overlord  
  13  0:17  Drone  
  14  0:31  Drone x2  
  14  0:35  Drone  
  17  0:46  Drone  
  18  0:57  Hatchery  
  18  0:59  Drone  
  18  1:04  Extractor  
  17  1:15  Spawning Pool  
  17  1:18  Drone  
  17  1:21  Drone  
  18  1:28  Drone  
  19  1:40  Drone  
  19  1:41  Extractor  
  19  1:50  Drone  
  20  2:00  Drone  
  21  2:08  Queen  
  21  2:13  Roach Warren, Queen  
  21  2:15  Drone  
  25  2:19  Drone  
  26  2:33  Overlord x2  
  26  2:54  Roach x2  
  26  2:55  Roach x2  
  34  3:00  Roach  
  34  3:03  Roach  
  38  3:16  Ravager x4  
  42  3:28  Ravager  
  42  3:32  Drone  
  42  3:33  Overlord  
  44  3:42  Overlord  
  44  3:51  Ravager  
  30  4:27  Drone x3  
  30  4:29  Drone x4  
  30  4:30  Roach x3  
  30  4:31  Roach  
  42  4:34  Drone  
  43  4:42  Overlord  
  43  4:54  Lair  
  43  4:55  Metabolic Boost  
  43  5:00  Spore Crawler  
  43  5:01  Hatchery  
  43  5:04  Spore Crawler  
  43  5:06  Spore Crawler  
  39  5:09  Drone x2  
  41  5:23  Evolution Chamber  
  40  5:43  Spore Crawler  
  40  5:47  Drone x2  
  40  5:48  Drone x3  
  40  5:49  Overlord  
  44  5:50  Overlord  
  44  5:58  Spore Crawler  
  44  6:01  Infestation Pit  
  42  6:12  Spore Crawler  
  41  6:18  Infestation Pit  
  41  6:20  Zergling x16  
  41  6:21  Zergling x2  
  41  6:23  Drone  
  45  6:48  Zergling x10  
  45  6:49  Zergling x10  
  55  6:56  Spine Crawler  
  53  7:06  Zergling x8  
  44  7:22  Drone x5  
  43  7:42  Hatchery  
Show
View Real Time Build Order
Export as new Build Order

GriM Protoss - Winner!

Build Orders: 1 Gate Expand, Phoenix Opening 

Get SALT Encoding   

  12  0:00  Probe (Chrono Boost)  
  13  0:11  Probe (Chrono Boost)  
  14  0:22  Probe (Chrono Boost), Pylon  
  15  0:40  Probe (Chrono Boost)  
  16  0:45  Gateway  
  16  0:50  Probe (Chrono Boost)  
  16  0:53  Assimilator  
  16  0:56  Assimilator  
  17  1:00  Probe (Chrono Boost)  
  18  1:11  Probe (Chrono Boost)  
  19  1:21  Probe (Chrono Boost)  
  20  1:33  Probe (Chrono Boost)  
  21  1:40  Nexus  
  21  1:46  Probe (Chrono Boost)  
  22  2:02  Cybernetics Core  
  22  2:08  Pylon  
  22  2:10  Probe (Chrono Boost)  
  23  2:22  Pylon  
  23  2:26  Probe (Chrono Boost)  
  24  2:34  Warp Gate (Chrono Boost)  
  24  2:38  Adept  
  24  2:39  Forge  
  26  2:47  Probe (Chrono Boost)  
  26  2:50  Stargate  
  27  2:52  Probe (Chrono Boost)  
  27  2:56  Probe  
  29  3:05  Probe  
  30  3:15  Probe  
  30  3:18  Photon Cannon  
  31  3:25  Robotics Facility  
  31  3:26  Mothership Core  
  33  3:33  Phoenix  
  35  3:35  Probe  
  36  3:42  Assimilator  
  36  3:44  Probe  
  36  3:48  Assimilator  
  37  4:08  Void Ray (Chrono Boost)  
  39  4:31  Pylon  
  39  4:35  Pylon  
  39  4:38  Pylon  
  39  4:40  Pylon  
  39  4:42  Immortal  
  39  4:48  Probe  
  39  4:49  Probe  
  39  4:50  Void Ray (Chrono Boost)  
  49  5:01  Probe, Gateway  
  49  5:02  Gateway  
  50  5:10  Probe  
  50  5:13  Probe  
  52  5:14  Photon Cannon  
  52  5:23  Probe  
  53  5:34  Probe  
  53  5:35  Probe  
  55  5:36  Immortal  
  55  5:40  Void Ray (Chrono Boost)  
  59  5:45  Adept  
  59  5:46  Probe  
  67  6:11  Probe x2, Warp Prism  
  67  6:18  Gateway  
  68  6:19  Gateway  
  70  6:26  Pylon  
  70  6:28  Pylon  
  70  6:32  Pylon  
  70  6:49  Adept x2  
  66  7:18  Adept x3  
  70  7:23  Probe x2  
  70  7:29  Pylon  
  72  7:33  Pylon  
  72  7:34  Adept x2  
  74  8:02  Adept x2  
  74  8:03  Adept x3  
Tags
 
Add a new tag
Caveats
  • Supply blocks, unpowered buildings, or Contaminate may cause inaccurate times.
  • Supply counts are checked every 10 seconds.